ST.LOUIS vs NEW YORK I

Created - Wednesday, November 08, 2017 at 17:28

Goals
1 2 3 T
ST.LOUIS 1 0 0 1
NEW YORK I 2 0 1 3
Shots
1 2 3 T
ST.LOUIS 6 10 2 18
NEW YORK I 16 8 7 31

1st period

1. NEW YORK I , Logan Couture 5 (Jake McCabe 3, Max Domi 4) at 4:08
2. NEW YORK I , Mark Letestu 3 (Johnny Boychuk 2, Patrick Maroon 3) at 12:42
3. ST.LOUIS , Ryan McDonagh 5 (Jason Spezza 8, Sam Gagner 5) at 19:52 (PP)

Penalties :
Johnny Boychuk (NYI) for Tripping (Minor) at 19:40

2nd period

No Goal

Penalties :
Johnny Boychuk (NYI) for Hooking (Minor) at 8:45

3rd period

4. NEW YORK I , Logan Couture 6 (Dan Hamhuis 5, Patrick Eaves 6) at 5:34 (PP)

Penalties :
Calle Jarnkrok (STL) for Hooking (Minor) at 3:51, Darnell Nurse (STL) for Elbowing (Minor) at 13:47

Goalie Stats

Ben Bishop (STL), 28 saves from 31 shots - (0.903), L, 5-5-1, 60:00 minutes
Jacob Markstrom (NYI), 17 saves from 18 shots - (0.944), W, 4-1-0, 60:00 minutes

Players Stats for ST.LOUIS

Player Name              G  A  P  +/- PIM S  H  SB GA TA FO     MP     PP MP  PK MP  
------------------------------------------------------------------------------------
Alex Petrovic            0  0  0  -1  0   0  3  2  0  0  0/0    18:20   1:04   1:34 
Brooks Orpik             0  0  0  -1  0   0  0  2  0  0  0/0    18:20   1:04   1:34 
Calle Jarnkrok           0  0  0  -1  2   1  0  1  0  0  0/0    15:33   1:16   0:41 
Dale Weise               0  0  0   0  0   0  2  0  0  0  3/10    7:55   0:00   0:00 
Darnell Nurse            0  0  0  -1  2   0  4  0  0  0  0/0    16:30   0:00   0:00 
Darren Archibald         0  0  0   0  0   0  0  0  0  0  0/0     7:55   0:00   0:00 
Erik Johnson             0  0  0   0  0   1  4  2  0  0  0/0    24:46   1:07   1:45 
Jaden Schwartz           0  0  0   0  0   2  2  2  0  0  1/1    20:11   0:55   2:18 
Jason Spezza             0  1  1  -1  0   1  3  0  0  0  10/19  15:59   1:16   1:06 
Jonathan Ericsson        0  0  0  -1  0   0  1  3  0  0  0/0    16:54   0:00   0:23 
Radim Vrbata             0  0  0   0  0   3  0  0  0  0  1/3    18:48   0:55   0:55 
Ryan Dzingel             0  0  0  -1  0   1  0  0  0  0  4/14   15:37   0:00   0:00 
Ryan McDonagh            1  0  1   0  0   1  4  2  0  0  0/0    24:46   1:07   1:45 
Sam Gagner               0  1  1  -1  0   3  0  1  0  0  3/6    17:26   1:16   2:33 
Travis Zajac             0  0  0   0  0   1  4  0  0  0  13/21  17:53   0:55   0:00 
Troy Brouwer             0  0  0  -1  0   1  2  0  0  0  0/1    15:51   0:00   0:14 
Vladislav Namestnikov    0  0  0  -1  0   2  1  0  0  0  1/2    15:37   0:00   0:00 
Zack Kassian             0  0  0   0  0   1  3  0  0  0  1/1     7:55   0:00   0:00 

Players Stats for NEW YORK I

Player Name              G  A  P  +/- PIM S  H  SB GA TA FO     MP     PP MP  PK MP  
------------------------------------------------------------------------------------
Austin Watson            0  0  0   1  0   2  5  0  0  0  0/2    15:41   0:00   0:00 
Brandon Saad             0  0  0   0  0   3  0  0  0  0  0/0    18:27   2:25   0:00 
Chris VandeVelde         0  0  0   0  0   0  0  0  0  0  0/0     0:00   0:00   0:00 
Dan Hamhuis              0  1  1   0  0   0  0  0  0  0  0/0    19:56   1:17   0:49 
Esa Lindell              0  0  0   1  0   2  1  0  0  0  0/0    22:13   2:25   0:43 
Jake McCabe              0  1  1   1  0   0  0  0  0  0  0/0    18:01   0:00   0:49 
Jason Garrison           0  0  0   0  0   1  1  0  0  0  0/0    18:29   0:00   0:39 
Johnny Boychuk           0  1  1   1  4   0  7  2  0  0  0/0    21:28   2:25   0:00 
Kyle Clifford            0  0  0   0  0   0  0  0  0  0  0/0     0:11   0:00   0:11 
Logan Couture            2  0  2   1  0   5  1  0  0  0  11/24  17:18   1:17   0:00 
Marcus Foligno           0  0  0   0  0   0  0  0  0  0  0/0     7:00   0:00   0:37 
Mark Letestu             1  0  1   1  0   2  0  0  0  0  14/24  17:15   0:00   1:34 
Max Domi                 0  1  1   1  0   1  0  1  0  0  0/0    17:18   1:17   0:00 
Patrick Eaves            0  1  1   1  0   3  2  0  0  0  0/0    17:18   1:17   0:00 
Patrick Maroon           0  1  1   1  0   4  1  0  0  0  0/0    15:41   0:00   0:00 
Radko Gudas              0  0  0   1  0   1  1  0  0  0  0/0    19:51   1:17   1:22 
Ryan Callahan            0  0  0   0  0   1  1  0  0  0  0/0     7:46   0:00   1:23 
Ryan Strome              0  0  0   0  0   2  1  0  0  0  0/0    18:27   2:25   0:00 
Sam Bennett              0  0  0   0  0   1  0  0  0  0  3/5     7:00   0:00   0:37 
Sean Monahan             0  0  0   0  0   3  2  0  0  0  13/23  18:27   2:25   0:00 

3 Stars

1 - Logan Couture (NYI)
2 - Mark Letestu (NYI)
3 - Ryan McDonagh (STL)

Power Play

ST.LOUIS - 1 on 2 Attempt(s) - 50.00%
NEW YORK I - 1 on 2 Attempt(s) - 50.00%

Penalty Kill

ST.LOUIS - 1 on 2 Attempt(s) - 50.00% - Score 0 goal in Penalty Kill
NEW YORK I - 1 on 2 Attempt(s) - 50.00% - Score 0 goal in Penalty Kill

Team Stat

ST.LOUIS - Hits : 33 - Faceoff Wins : 37 - Blocked Shots : 15 - Penalty Minutes : 4
NEW YORK I - Hits : 23 - Faceoff Wins : 41 - Blocked Shots : 3 - Penalty Minutes : 4

Official

Referees : Unknown
Linesman : Unknown

Game Notes

No Game Note

Finance

Level 1 -- Attendance: 4752 (79.20%) -- Ticket Income $475,200
Level 2 -- Attendance: 3931 (78.62%) -- Ticket Income $235,860
Level 3 -- Attendance: 1863 (93.15%) -- Ticket Income $65,205
Level 4 -- Attendance: 3794 (94.85%) -- Ticket Income $75,880
Luxury Box -- Attendance: 714 (71.40%) -- Ticket Income $142,800
Game was played at the Nassau Coliseum.
Total Attendance: 15054 (83.63%)
Total Ticket Income: $994,945
Total Income: $994,945

ST.LOUIS

5 vs 5 Forward 
   Center                   Left Wing                Right Wing               Time % Phy DF OF 
 1 Travis Zajac             Jaden Schwartz           Radim Vrbata             35     1   2  2  
 2 Jason Spezza             Calle Jarnkrok           Sam Gagner               30     1   2  2  
 3 Ryan Dzingel             Troy Brouwer             Vladislav Namestnikov    25     1   2  2  
 4 Dale Weise               Darren Archibald         Zack Kassian             10     1   2  2  

5 vs 5 Defense 
   Defense                  Defense                                           Time % Phy DF OF 
 1 Ryan McDonagh            Erik Johnson                                      35     1   2  2  
 2 Brooks Orpik             Alex Petrovic                                     30     1   2  2  
 3 Jonathan Ericsson        Darnell Nurse                                     25     1   2  2  
 4 Ryan McDonagh            Erik Johnson                                      10     1   2  2  

PowerPlay Forward 
   Center                   Left Wing                Right Wing               Time % Phy DF OF 
 1 Travis Zajac             Jaden Schwartz           Radim Vrbata             60     1   2  2  
 2 Jason Spezza             Calle Jarnkrok           Sam Gagner               40     1   2  2  

PowerPlay Defense
   Defense                  Defense                                           Time % Phy DF OF 
 1 Ryan McDonagh            Erik Johnson                                      60     1   2  2  
 2 Brooks Orpik             Alex Petrovic                                     40     1   2  2  

Penalty Kill 4 Players Forward 
   Center                   Wing                     Time % Phy DF OF 
 1 Sam Gagner               Jaden Schwartz           60     1   2  2  
 2 Jason Spezza             Radim Vrbata             40     1   2  2  

Penalty Kill 4 Players Defense
   Defense                  Defense                  Time % Phy DF OF 
 1 Ryan McDonagh            Erik Johnson             60     1   2  2  
 2 Brooks Orpik             Alex Petrovic            40     1   2  2  

Penalty Kill - 3 Players Forward 
   Forward                                           Time % Phy DF OF 
 1 Radim Vrbata                                      60     1   2  2  
 2 Jaden Schwartz                                    40     1   2  2  

Penalty Kill - 3 Players Defense
   Defense                  Defense                  Time % Phy DF OF 
 1 Ryan McDonagh            Erik Johnson             60     1   2  2  
 2 Brooks Orpik             Alex Petrovic            40     1   2  2  

4 vs 4 Forward 
   Center                   Wing                     Time % Phy DF OF 
 1 Vladislav Namestnikov    Jaden Schwartz           60     1   2  2  
 2 Jason Spezza             Radim Vrbata             40     1   2  2  

4 vs 4 Defense
   Defense                  Defense                  Time % Phy DF OF 
 1 Ryan McDonagh            Erik Johnson             60     1   2  2  
 2 Brooks Orpik             Alex Petrovic            40     1   2  2  

Last Minutes Offensive
   Center                   Left Wing                Right Wing               Defense                  Defense                  
   Travis Zajac             Jaden Schwartz           Radim Vrbata             Ryan McDonagh            Erik Johnson             

Last Minutes Defensive
   Center                   Left Wing                Right Wing               Defense                  Defense                  
   Travis Zajac             Jaden Schwartz           Radim Vrbata             Ryan McDonagh            Erik Johnson             

Goaltenders
Starting : Ben Bishop               
Backup : Alex Stalock             

Extra Forwards
Normal : Dale Weise, Vladislav Namestnikov, Troy Brouwer - PP : Dale Weise, Vladislav Namestnikov - PK : Troy Brouwer
Extra Defensemen
Normal : Jonathan Ericsson, Darnell Nurse, Brooks Orpik - PP : Jonathan Ericsson - PK : Darnell Nurse, Brooks Orpik
Penalty Shots
Troy Brouwer, Jaden Schwartz, Jason Spezza, Radim Vrbata, Sam Gagner

Scratches
None

NEW YORK I

5 vs 5 Forward 
   Center                   Left Wing                Right Wing               Time % Phy DF OF 
 1 Logan Couture            Max Domi                 Patrick Eaves            30     1   2  2  
 2 Sean Monahan             Brandon Saad             Ryan Strome              30     1   2  2  
 3 Mark Letestu             Patrick Maroon           Austin Watson            30     1   2  2  
 4 Sam Bennett              Marcus Foligno           Ryan Callahan            10     1   2  2  

5 vs 5 Defense 
   Defense                  Defense                                           Time % Phy DF OF 
 1 Esa Lindell              Johnny Boychuk                                    30     1   2  2  
 2 Dan Hamhuis              Jason Garrison                                    30     1   2  2  
 3 Jake McCabe              Radko Gudas                                       30     1   2  2  
 4 Esa Lindell              Johnny Boychuk                                    10     1   2  2  

PowerPlay Forward 
   Center                   Left Wing                Right Wing               Time % Phy DF OF 
 1 Logan Couture            Max Domi                 Patrick Eaves            50     1   2  2  
 2 Sean Monahan             Brandon Saad             Ryan Strome              50     1   2  2  

PowerPlay Defense
   Defense                  Defense                                           Time % Phy DF OF 
 1 Esa Lindell              Johnny Boychuk                                    50     1   2  2  
 2 Radko Gudas              Dan Hamhuis                                       50     1   2  2  

Penalty Kill 4 Players Forward 
   Center                   Wing                     Time % Phy DF OF 
 1 Mark Letestu             Ryan Callahan            60     1   2  2  
 2 Sam Bennett              Marcus Foligno           40     1   2  2  

Penalty Kill 4 Players Defense
   Defense                  Defense                  Time % Phy DF OF 
 1 Radko Gudas              Johnny Boychuk           60     1   2  2  
 2 Jake McCabe              Dan Hamhuis              40     1   2  2  

Penalty Kill - 3 Players Forward 
   Forward                                           Time % Phy DF OF 
 1 Mark Letestu                                      60     1   2  2  
 2 Ryan Callahan                                     40     1   2  2  

Penalty Kill - 3 Players Defense
   Defense                  Defense                  Time % Phy DF OF 
 1 Radko Gudas              Johnny Boychuk           60     1   2  2  
 2 Jake McCabe              Dan Hamhuis              40     1   2  2  

4 vs 4 Forward 
   Center                   Wing                     Time % Phy DF OF 
 1 Logan Couture            Max Domi                 60     1   2  2  
 2 Sean Monahan             Brandon Saad             40     1   2  2  

4 vs 4 Defense
   Defense                  Defense                  Time % Phy DF OF 
 1 Johnny Boychuk           Esa Lindell              60     1   2  2  
 2 Radko Gudas              Dan Hamhuis              40     1   2  2  

Last Minutes Offensive
   Center                   Left Wing                Right Wing               Defense                  Defense                  
   Sean Monahan             Brandon Saad             Patrick Eaves            Radko Gudas              Johnny Boychuk           

Last Minutes Defensive
   Center                   Left Wing                Right Wing               Defense                  Defense                  
   Mark Letestu             Ryan Callahan            Austin Watson            Radko Gudas              Johnny Boychuk           

Goaltenders
Starting : Jacob Markstrom          
Backup : Scott Darling            

Extra Forwards
Normal : Marcus Foligno, Chris VandeVelde, Kyle Clifford - PP : Marcus Foligno, Chris VandeVelde - PK : Kyle Clifford
Extra Defensemen
Normal : Jake McCabe, Jason Garrison, Esa Lindell - PP : Jake McCabe - PK : Jason Garrison, Esa Lindell
Penalty Shots
Sean Monahan, Logan Couture, Patrick Eaves, Brandon Saad, Mark Letestu

Scratches
NYI CAP HIT (Suspend), Henrik Samuelsson (Healthy), Jyrki Jokipakka (Healthy), Brad Hunt (Healthy), Adam Clendening (Healthy)

% Time on Ice - ST.LOUIS

Lines # - Real PCT - Wanted PCT - Time Play
Normal Forward
1 - 31% - 35% - 16:58
2 - 25% - 30% - 13:37
3 - 29% - 25% - 15:37
4 - 15% - 10% - 7:55
Normal Defense
1 - 34% - 35% - 18:13
2 - 29% - 30% - 15:42
3 - 31% - 25% - 16:31
4 - 7% - 10% - 3:41
PP Forward
1 - 42% - 60% - 0:55
2 - 58% - 40% - 1:16
PP Defense
1 - 51% - 60% - 1:07
2 - 49% - 40% - 1:04
PK Forward
1 - 75% - 60% - 2:47
2 - 25% - 40% - 0:55
PK Defense
1 - 58% - 60% - 2:08
2 - 42% - 40% - 1:34
PK3 Forward
1 - 0% - 60%
2 - 0% - 40%
PK3 Defense
1 - 0% - 60%
2 - 0% - 40%
44 Forward
1 - 0% - 60%
2 - 0% - 40%
44 Defense
1 - 0% - 60%
2 - 0% - 40%
Last Minute Offensive  - 0:00
Last Minute Defensive  - 0:00
Total
Forward - 60:00
Defense - 60:00

% Time on Ice - NEW YORK I

Lines # - Real PCT - Wanted PCT - Time Play
Normal Forward
1 - 30% - 30% - 16:01
2 - 30% - 30% - 16:02
3 - 29% - 30% - 15:41
4 - 12% - 10% - 6:23
Normal Defense
1 - 28% - 30% - 14:57
2 - 33% - 30% - 17:50
3 - 32% - 30% - 17:12
4 - 8% - 10% - 4:08
PP Forward
1 - 35% - 50% - 1:17
2 - 65% - 50% - 2:25
PP Defense
1 - 65% - 50% - 2:25
2 - 35% - 50% - 1:17
PK Forward
1 - 72% - 60% - 1:34
2 - 28% - 40% - 0:37
PK Defense
1 - 63% - 60% - 1:22
2 - 37% - 40% - 0:49
PK3 Forward
1 - 0% - 60%
2 - 0% - 40%
PK3 Defense
1 - 0% - 60%
2 - 0% - 40%
44 Forward
1 - 0% - 60%
2 - 0% - 40%
44 Defense
1 - 0% - 60%
2 - 0% - 40%
Last Minute Offensive  - 0:00
Last Minute Defensive  - 0:00
Total
Forward - 60:00
Defense - 60:00

Play by Play

1st period


0:01 of 1st period - Travis Zajac wins face-off versus Logan Couture in neutral zone.
0:21 of 1st period - Shot by Patrick Eaves.
0:21 of 1st period - Shot Misses the Net.
0:23 of 1st period - Shot by Esa Lindell.
0:23 of 1st period - Stopped by Ben Bishop without a rebound.
0:24 of 1st period - Sean Monahan wins face-off versus Jason Spezza in ST.LOUIS zone.
0:27 of 1st period - Shot by Brandon Saad.
0:27 of 1st period - Shot Blocked by Alex Petrovic.
0:29 of 1st period - Shot by Jason Garrison.
0:29 of 1st period - Stopped by Ben Bishop without a rebound.
0:30 of 1st period - Ryan Dzingel wins face-off versus Mark Letestu in ST.LOUIS zone.
0:41 of 1st period - Mark Letestu is hit by Troy Brouwer and loses puck.
1:59 of 1st period - Shot by Sean Monahan.
1:59 of 1st period - Deflect By Brandon Saad.
1:59 of 1st period - Stopped by Ben Bishop without a rebound.
2:00 of 1st period - Logan Couture wins face-off versus Radim Vrbata in ST.LOUIS zone.
2:19 of 1st period - Shot by Patrick Eaves.
2:19 of 1st period - Stopped by Ben Bishop without a rebound.
2:20 of 1st period - Sam Bennett wins face-off versus Dale Weise in ST.LOUIS zone.
2:23 of 1st period - Shot by Ryan Callahan.
2:23 of 1st period - Shot Misses the Net.
2:25 of 1st period - Shot by Marcus Foligno.
2:25 of 1st period - Shot Misses the Net.
2:32 of 1st period - Sam Bennett is hit by Darnell Nurse and loses puck.
2:41 of 1st period - Shot by Ryan Callahan.
2:41 of 1st period - Stopped by Ben Bishop without a rebound.
2:42 of 1st period - Travis Zajac wins face-off versus Sean Monahan in ST.LOUIS zone.
4:08 of 1st period - Shot by Logan Couture.
4:08 of 1st period - Goal by Logan Couture - ST.LOUIS : 0 - NEW YORK I : 1.
4:09 of 1st period - Mark Letestu wins face-off versus Ryan Dzingel in neutral zone.
5:13 of 1st period - Shot by Erik Johnson.
5:13 of 1st period - Stopped by Jacob Markstrom without a rebound.
5:14 of 1st period - Travis Zajac wins face-off versus Sam Bennett in NEW YORK I zone.
5:32 of 1st period - Shot by Sam Bennett.
5:32 of 1st period - Stopped by Ben Bishop without a rebound.
5:33 of 1st period - Logan Couture wins face-off versus Jason Spezza in ST.LOUIS zone.
5:33 of 1st period - Patrick Eaves is hit by Erik Johnson and loses puck.
5:38 of 1st period - Shot by Logan Couture.
5:38 of 1st period - Shot Blocked by Sam Gagner.
5:40 of 1st period - Shot by Logan Couture.
5:40 of 1st period - Stopped by Ben Bishop without a rebound.
5:41 of 1st period - Jason Spezza wins face-off versus Logan Couture in ST.LOUIS zone.
5:41 of 1st period - Jason Spezza is hit by Patrick Eaves.
5:47 of 1st period - Shot by Sam Gagner.
5:47 of 1st period - Stopped by Jacob Markstrom without a rebound.
5:48 of 1st period - Travis Zajac wins face-off versus Logan Couture in NEW YORK I zone.
5:59 of 1st period - Shot by Patrick Eaves.
5:59 of 1st period - Stopped by Ben Bishop without a rebound.
6:00 of 1st period - Sean Monahan wins face-off versus Jason Spezza in ST.LOUIS zone.
6:59 of 1st period - Shot by Patrick Eaves.
6:59 of 1st period - Shot Misses the Net.
7:02 of 1st period - Icing by Ryan McDonagh.
7:03 of 1st period - Mark Letestu wins face-off versus Jason Spezza in ST.LOUIS zone.
7:06 of 1st period - Shot by Patrick Maroon.
7:06 of 1st period - Deflect By Austin Watson.
7:06 of 1st period - Stopped by Ben Bishop without a rebound.
7:07 of 1st period - Travis Zajac wins face-off versus Austin Watson in ST.LOUIS zone.
7:07 of 1st period - Travis Zajac is hit by Patrick Maroon.
7:35 of 1st period - Brooks Orpik is hit by Austin Watson and loses puck.
8:27 of 1st period - Shot by Troy Brouwer.
8:27 of 1st period - Stopped by Jacob Markstrom without a rebound.
8:28 of 1st period - Sam Bennett wins face-off versus Dale Weise in NEW YORK I zone.
9:36 of 1st period - Shot by Esa Lindell.
9:36 of 1st period - Stopped by Ben Bishop without a rebound.
9:37 of 1st period - Jaden Schwartz wins face-off versus Logan Couture in ST.LOUIS zone.
11:38 of 1st period - Shot by Calle Jarnkrok.
11:38 of 1st period - Deflect By Jason Spezza.
11:38 of 1st period - Shot Blocked by Max Domi.
11:40 of 1st period - Shot by Erik Johnson.
11:40 of 1st period - Shot Misses the Net.
11:42 of 1st period - Shot by Calle Jarnkrok.
11:42 of 1st period - Shot Misses the Net.
11:52 of 1st period - Shot by Calle Jarnkrok.
11:52 of 1st period - Stopped by Jacob Markstrom without a rebound.
11:53 of 1st period - Mark Letestu wins face-off versus Radim Vrbata in NEW YORK I zone.
12:22 of 1st period - Icing by Johnny Boychuk.
12:23 of 1st period - Mark Letestu wins face-off versus Ryan Dzingel in NEW YORK I zone.
12:36 of 1st period - Shot by Patrick Maroon.
12:36 of 1st period - Stopped by Ben Bishop with a rebound.
12:38 of 1st period - Shot by Johnny Boychuk.
12:38 of 1st period - Shot Misses the Net.
12:40 of 1st period - Shot by Mark Letestu.
12:40 of 1st period - Shot Misses the Net.
12:42 of 1st period - Shot by Mark Letestu.
12:42 of 1st period - Goal by Mark Letestu - ST.LOUIS : 0 - NEW YORK I : 2.
12:43 of 1st period - Jason Spezza wins face-off versus Sean Monahan in neutral zone.
12:53 of 1st period - Sean Monahan is hit by Jason Spezza and loses puck.
13:41 of 1st period - Icing by Jake McCabe.
13:42 of 1st period - Sean Monahan wins face-off versus Travis Zajac in NEW YORK I zone.
13:42 of 1st period - Sean Monahan is hit by Jaden Schwartz.
14:11 of 1st period - Icing by Mark Letestu.
14:12 of 1st period - Ryan Dzingel wins face-off versus Austin Watson in NEW YORK I zone.
15:28 of 1st period - Sam Bennett is hit by Erik Johnson.
16:08 of 1st period - Shot by Logan Couture.
16:08 of 1st period - Shot Blocked by Jaden Schwartz.
16:21 of 1st period - Shot by Patrick Eaves.
16:21 of 1st period - Stopped by Ben Bishop without a rebound.
16:22 of 1st period - Sean Monahan wins face-off versus Jason Spezza in ST.LOUIS zone.
16:39 of 1st period - Shot by Brandon Saad.
16:39 of 1st period - Shot Blocked by Brooks Orpik.
17:20 of 1st period - Dan Hamhuis is hit by Jason Spezza and loses puck.
17:29 of 1st period - Shot by Patrick Maroon.
17:29 of 1st period - Stopped by Ben Bishop without a rebound.
17:30 of 1st period - Logan Couture wins face-off versus Dale Weise in ST.LOUIS zone.
17:53 of 1st period - Shot by Logan Couture.
17:53 of 1st period - Deflect By Patrick Eaves.
17:53 of 1st period - Shot Misses the Net.
18:01 of 1st period - Shot by Logan Couture.
18:01 of 1st period - Stopped by Ben Bishop without a rebound.
18:02 of 1st period - Vladislav Namestnikov wins face-off versus Mark Letestu in ST.LOUIS zone.
18:02 of 1st period - Vladislav Namestnikov is hit by Austin Watson.
18:15 of 1st period - Icing by Dan Hamhuis.
18:16 of 1st period - Mark Letestu wins face-off versus Travis Zajac in NEW YORK I zone.
18:59 of 1st period - Shot by Travis Zajac.
18:59 of 1st period - Shot Misses the Net.
19:01 of 1st period - Shot by Jaden Schwartz.
19:01 of 1st period - Stopped by Jacob Markstrom without a rebound.
19:02 of 1st period - Sean Monahan wins face-off versus Ryan Dzingel in NEW YORK I zone.
19:18 of 1st period - Ryan Dzingel is hit by Johnny Boychuk.
19:24 of 1st period - Shot by Vladislav Namestnikov.
19:24 of 1st period - Deflect By Ryan Dzingel.
19:24 of 1st period - Shot Misses the Net.
19:40 of 1st period - Minor Penalty to Johnny Boychuk for Tripping.
19:41 of 1st period - Jason Spezza wins face-off versus Mark Letestu in NEW YORK I zone.
19:52 of 1st period - Shot by Ryan McDonagh.
19:52 of 1st period - Goal by Ryan McDonagh - ST.LOUIS : 1 - NEW YORK I : 2.
19:53 of 1st period - Travis Zajac wins face-off versus Logan Couture in neutral zone.
19:55 of 1st period - Off-side.
19:56 of 1st period - Logan Couture wins face-off versus Jason Spezza in neutral zone.
Goals for this period are 1 for ST.LOUIS vs 2 for NEW YORK I.
Shots for this period are 6 for ST.LOUIS vs 16 for NEW YORK I.

2nd period


0:01 of 2nd period - Jason Spezza wins face-off versus Sean Monahan in neutral zone.
0:39 of 2nd period - Erik Johnson is hit by Johnny Boychuk and loses puck.
0:49 of 2nd period - Sean Monahan is hit by Ryan McDonagh and loses puck.
1:03 of 2nd period - Mark Letestu is hit by Ryan McDonagh and loses puck.
1:10 of 2nd period - Shot by Patrick Maroon.
1:10 of 2nd period - Stopped by Ben Bishop without a rebound.
1:11 of 2nd period - Travis Zajac wins face-off versus Logan Couture in ST.LOUIS zone.
1:19 of 2nd period - Icing by Jason Garrison.
1:20 of 2nd period - Logan Couture wins face-off versus Travis Zajac in NEW YORK I zone.
1:51 of 2nd period - Shot by Travis Zajac.
1:51 of 2nd period - Deflect By Radim Vrbata.
1:51 of 2nd period - Stopped by Jacob Markstrom with a rebound.
2:14 of 2nd period - Icing by Max Domi.
2:15 of 2nd period - Logan Couture wins face-off versus Troy Brouwer in NEW YORK I zone.
2:19 of 2nd period - Off-side.
2:20 of 2nd period - Ryan Dzingel wins face-off versus Mark Letestu in neutral zone.
2:36 of 2nd period - Shot by Vladislav Namestnikov.
2:36 of 2nd period - Stopped by Jacob Markstrom without a rebound.
2:37 of 2nd period - Sean Monahan wins face-off versus Dale Weise in NEW YORK I zone.
2:37 of 2nd period - Sean Monahan is hit by Dale Weise.
2:43 of 2nd period - Shot by Sean Monahan.
2:43 of 2nd period - Deflect By Brandon Saad.
2:43 of 2nd period - Shot Misses the Net.
2:45 of 2nd period - Shot by Radko Gudas.
2:45 of 2nd period - Deflect By Brandon Saad.
2:45 of 2nd period - Shot Misses the Net.
2:47 of 2nd period - Shot by Radko Gudas.
2:47 of 2nd period - Shot Misses the Net.
2:49 of 2nd period - Shot by Brandon Saad.
2:49 of 2nd period - Shot Blocked by Jonathan Ericsson.
3:03 of 2nd period - Shot by Ryan Strome.
3:03 of 2nd period - Stopped by Ben Bishop with a rebound.
3:05 of 2nd period - Shot by Sean Monahan.
3:05 of 2nd period - Shot Misses the Net.
3:53 of 2nd period - Icing by Esa Lindell.
3:54 of 2nd period - Mark Letestu wins face-off versus Travis Zajac in NEW YORK I zone.
5:40 of 2nd period - Radko Gudas is hit by Alex Petrovic and loses puck.
6:11 of 2nd period - Shot by Radko Gudas.
6:11 of 2nd period - Shot Blocked by Alex Petrovic.
6:15 of 2nd period - Shot by Patrick Eaves.
6:15 of 2nd period - Shot Misses the Net.
6:27 of 2nd period - Brooks Orpik is hit by Ryan Strome and loses puck.
6:32 of 2nd period - Shot by Brandon Saad.
6:32 of 2nd period - Stopped by Ben Bishop without a rebound.
6:33 of 2nd period - Jason Spezza wins face-off versus Mark Letestu in ST.LOUIS zone.
6:42 of 2nd period - Shot by Sam Gagner.
6:42 of 2nd period - Shot Blocked by Johnny Boychuk.
7:10 of 2nd period - Shot by Jason Spezza.
7:10 of 2nd period - Stopped by Jacob Markstrom without a rebound.
7:11 of 2nd period - Travis Zajac wins face-off versus Sean Monahan in NEW YORK I zone.
7:18 of 2nd period - Shot by Sean Monahan.
7:18 of 2nd period - Stopped by Ben Bishop without a rebound.
7:19 of 2nd period - Radim Vrbata wins face-off versus Sean Monahan in ST.LOUIS zone.
7:30 of 2nd period - Shot by Radim Vrbata.
7:30 of 2nd period - Stopped by Jacob Markstrom without a rebound.
7:31 of 2nd period - Logan Couture wins face-off versus Dale Weise in NEW YORK I zone.
7:58 of 2nd period - Logan Couture is hit by Erik Johnson and loses puck.
8:25 of 2nd period - Shot by Jason Spezza.
8:25 of 2nd period - Shot Misses the Net.
8:27 of 2nd period - Shot by Darnell Nurse.
8:27 of 2nd period - Shot Misses the Net.
8:33 of 2nd period - Shot by Sam Gagner.
8:33 of 2nd period - Shot Misses the Net.
8:35 of 2nd period - Shot by Sam Gagner.
8:35 of 2nd period - Stopped by Jacob Markstrom without a rebound.
8:36 of 2nd period - Travis Zajac wins face-off versus Mark Letestu in NEW YORK I zone.
8:37 of 2nd period - Shot by Jaden Schwartz.
8:37 of 2nd period - Shot Misses the Net.
8:45 of 2nd period - Shot by Travis Zajac.
8:45 of 2nd period - Stopped by Jacob Markstrom without a rebound.
8:45 of 2nd period - Minor Penalty to Johnny Boychuk for Hooking.
8:46 of 2nd period - Mark Letestu wins face-off versus Travis Zajac in NEW YORK I zone.
8:52 of 2nd period - Icing by Travis Zajac.
8:53 of 2nd period - Travis Zajac wins face-off versus Mark Letestu in ST.LOUIS zone.
10:10 of 2nd period - Brooks Orpik is hit by Ryan Callahan and loses puck.
10:14 of 2nd period - Icing by Jason Spezza.
10:15 of 2nd period - Mark Letestu wins face-off versus Jason Spezza in ST.LOUIS zone.
11:01 of 2nd period - Darnell Nurse is hit by Sean Monahan and loses puck.
11:18 of 2nd period - Shot by Ryan Dzingel.
11:18 of 2nd period - Deflect By Vladislav Namestnikov.
11:18 of 2nd period - Shot Blocked by Johnny Boychuk.
11:21 of 2nd period - Troy Brouwer is hit by Johnny Boychuk and loses puck.
11:51 of 2nd period - Travis Zajac is hit by Patrick Eaves.
12:10 of 2nd period - Logan Couture is hit by Erik Johnson and loses puck.
12:37 of 2nd period - Marcus Foligno is hit by Travis Zajac and loses puck.
13:45 of 2nd period - Shot by Austin Watson.
13:45 of 2nd period - Stopped by Ben Bishop without a rebound.
13:46 of 2nd period - Sean Monahan wins face-off versus Ryan Dzingel in ST.LOUIS zone.
14:50 of 2nd period - Shot by Austin Watson.
14:50 of 2nd period - Shot Misses the Net.
14:52 of 2nd period - Shot by Mark Letestu.
14:52 of 2nd period - Stopped by Ben Bishop without a rebound.
14:53 of 2nd period - Logan Couture wins face-off versus Jason Spezza in ST.LOUIS zone.
15:24 of 2nd period - Shot by Logan Couture.
15:24 of 2nd period - Shot Blocked by Ryan McDonagh.
15:26 of 2nd period - Shot by Dan Hamhuis.
15:26 of 2nd period - Shot Misses the Net.
15:55 of 2nd period - Jaden Schwartz is hit by Jason Garrison and loses puck.
16:02 of 2nd period - Shot by Jaden Schwartz.
16:02 of 2nd period - Stopped by Jacob Markstrom without a rebound.
16:03 of 2nd period - Dale Weise wins face-off versus Mark Letestu in NEW YORK I zone.
16:08 of 2nd period - Shot by Zack Kassian.
16:08 of 2nd period - Stopped by Jacob Markstrom without a rebound.
16:09 of 2nd period - Mark Letestu wins face-off versus Travis Zajac in NEW YORK I zone.
16:30 of 2nd period - Shot by Mark Letestu.
16:30 of 2nd period - Shot Misses the Net.
16:38 of 2nd period - Shot by Patrick Maroon.
16:38 of 2nd period - Stopped by Ben Bishop without a rebound.
16:39 of 2nd period - Jason Spezza wins face-off versus Sean Monahan in ST.LOUIS zone.
16:50 of 2nd period - Shot by Sam Gagner.
16:50 of 2nd period - Shot Misses the Net.
16:52 of 2nd period - Shot by Sam Gagner.
16:52 of 2nd period - Stopped by Jacob Markstrom without a rebound.
16:53 of 2nd period - Sam Bennett wins face-off versus Ryan Dzingel in NEW YORK I zone.
17:05 of 2nd period - Icing by Troy Brouwer.
17:06 of 2nd period - Mark Letestu wins face-off versus Ryan Dzingel in ST.LOUIS zone.
17:17 of 2nd period - Vladislav Namestnikov is hit by Radko Gudas.
17:25 of 2nd period - Shot by Vladislav Namestnikov.
17:25 of 2nd period - Stopped by Jacob Markstrom without a rebound.
17:26 of 2nd period - Jason Spezza wins face-off versus Sean Monahan in NEW YORK I zone.
17:38 of 2nd period - Sam Gagner is hit by Johnny Boychuk and loses puck.
17:41 of 2nd period - Shot by Calle Jarnkrok.
17:41 of 2nd period - Shot Misses the Net.
17:43 of 2nd period - Shot by Sam Gagner.
17:43 of 2nd period - Shot Misses the Net.
17:45 of 2nd period - Shot by Ryan McDonagh.
17:45 of 2nd period - Shot Misses the Net.
17:47 of 2nd period - Shot by Erik Johnson.
17:47 of 2nd period - Shot Misses the Net.
18:38 of 2nd period - Calle Jarnkrok is hit by Austin Watson and loses puck.
18:42 of 2nd period - Icing by Calle Jarnkrok.
18:43 of 2nd period - Jason Spezza wins face-off versus Logan Couture in ST.LOUIS zone.
18:59 of 2nd period - Logan Couture is hit by Alex Petrovic and loses puck.
19:09 of 2nd period - Off-side.
19:10 of 2nd period - Mark Letestu wins face-off versus Vladislav Namestnikov in neutral zone.
19:13 of 2nd period - Troy Brouwer is hit by Austin Watson and loses puck.
19:18 of 2nd period - Shot by Radko Gudas.
19:18 of 2nd period - Stopped by Ben Bishop with a rebound.
19:24 of 2nd period - Shot by Mark Letestu.
19:24 of 2nd period - Shot Misses the Net.
19:26 of 2nd period - Shot by Jake McCabe.
19:26 of 2nd period - Shot Misses the Net.
19:28 of 2nd period - Shot by Mark Letestu.
19:28 of 2nd period - Shot Misses the Net.
19:49 of 2nd period - Shot by Patrick Maroon.
19:49 of 2nd period - Shot Blocked by Jonathan Ericsson.
Goals for this period are 0 for ST.LOUIS vs 0 for NEW YORK I.
Shots for this period are 10 for ST.LOUIS vs 8 for NEW YORK I.

3rd period


0:01 of 3rd period - Mark Letestu wins face-off versus Travis Zajac in neutral zone.
0:01 of 3rd period - Esa Lindell is hit by Travis Zajac and loses puck.
0:13 of 3rd period - Mark Letestu is hit by Ryan McDonagh and loses puck.
0:32 of 3rd period - Mark Letestu is hit by Travis Zajac.
1:27 of 3rd period - Shot by Brandon Saad.
1:27 of 3rd period - Shot Blocked by Calle Jarnkrok.
1:29 of 3rd period - Shot by Brandon Saad.
1:29 of 3rd period - Stopped by Ben Bishop without a rebound.
1:30 of 3rd period - Logan Couture wins face-off versus Ryan Dzingel in ST.LOUIS zone.
1:37 of 3rd period - Shot by Logan Couture.
1:37 of 3rd period - Shot Hit the Post.
1:39 of 3rd period - Shot by Logan Couture.
1:39 of 3rd period - Stopped by Ben Bishop without a rebound.
1:40 of 3rd period - Dale Weise wins face-off versus Sam Bennett in ST.LOUIS zone.
1:42 of 3rd period - Icing by Zack Kassian.
1:43 of 3rd period - Sean Monahan wins face-off versus Dale Weise in ST.LOUIS zone.
1:50 of 3rd period - Ryan Strome is hit by Zack Kassian and loses puck.
2:34 of 3rd period - Icing by Darnell Nurse.
2:35 of 3rd period - Zack Kassian wins face-off versus Mark Letestu in ST.LOUIS zone.
3:02 of 3rd period - Shot by Mark Letestu.
3:02 of 3rd period - Shot Misses the Net.
3:09 of 3rd period - Mark Letestu is hit by Ryan McDonagh and loses puck.
3:14 of 3rd period - Shot by Patrick Maroon.
3:14 of 3rd period - Shot Misses the Net.
3:16 of 3rd period - Shot by Johnny Boychuk.
3:16 of 3rd period - Shot Blocked by Erik Johnson.
3:23 of 3rd period - Icing by Ryan McDonagh.
3:24 of 3rd period - Travis Zajac wins face-off versus Logan Couture in ST.LOUIS zone.
3:32 of 3rd period - Off-side.
3:33 of 3rd period - Jason Spezza wins face-off versus Logan Couture in neutral zone.
3:51 of 3rd period - Minor Penalty to Calle Jarnkrok for Hooking.
3:52 of 3rd period - Sean Monahan wins face-off versus Sam Gagner in ST.LOUIS zone.
4:20 of 3rd period - Icing by Sean Monahan.
4:21 of 3rd period - Sam Gagner wins face-off versus Sean Monahan in NEW YORK I zone.
4:47 of 3rd period - Brandon Saad is hit by Alex Petrovic and loses puck.
5:12 of 3rd period - Shot by Radko Gudas.
5:12 of 3rd period - Shot Misses the Net.
5:32 of 3rd period - Shot by Dan Hamhuis.
5:32 of 3rd period - Shot Blocked by Brooks Orpik.
5:34 of 3rd period - Shot by Logan Couture.
5:34 of 3rd period - Goal by Logan Couture - ST.LOUIS : 1 - NEW YORK I : 3.
5:35 of 3rd period - Mark Letestu wins face-off versus Dale Weise in neutral zone.
5:35 of 3rd period - Austin Watson is hit by Dale Weise.
5:38 of 3rd period - Patrick Maroon is hit by Jonathan Ericsson and loses puck.
5:44 of 3rd period - Austin Watson is hit by Darnell Nurse and loses puck.
6:12 of 3rd period - Jake McCabe is hit by Zack Kassian and loses puck.
7:47 of 3rd period - Jaden Schwartz is hit by Johnny Boychuk and loses puck.
7:51 of 3rd period - Radim Vrbata is hit by Esa Lindell.
7:54 of 3rd period - Travis Zajac is hit by Johnny Boychuk.
7:57 of 3rd period - Jaden Schwartz is hit by Johnny Boychuk and loses puck.
8:15 of 3rd period - Icing by Esa Lindell.
8:16 of 3rd period - Sean Monahan wins face-off versus Jason Spezza in NEW YORK I zone.
8:16 of 3rd period - Sean Monahan is hit by Jason Spezza.
8:22 of 3rd period - Jonathan Ericsson is hit by Sean Monahan and loses puck.
8:50 of 3rd period - Shot by Calle Jarnkrok.
8:50 of 3rd period - Deflect By Jason Spezza.
8:50 of 3rd period - Shot Misses the Net.
9:24 of 3rd period - Shot by Ryan Dzingel.
9:24 of 3rd period - Stopped by Jacob Markstrom without a rebound.
9:25 of 3rd period - Mark Letestu wins face-off versus Ryan Dzingel in NEW YORK I zone.
9:40 of 3rd period - Erik Johnson is hit by Austin Watson and loses puck.
9:59 of 3rd period - Icing by Erik Johnson.
10:00 of 3rd period - Ryan Dzingel wins face-off versus Logan Couture in ST.LOUIS zone.
10:00 of 3rd period - Ryan Dzingel is hit by Logan Couture.
10:35 of 3rd period - Shot by Patrick Eaves.
10:35 of 3rd period - Shot Misses the Net.
10:37 of 3rd period - Shot by Logan Couture.
10:37 of 3rd period - Shot Blocked by Erik Johnson.
10:39 of 3rd period - Shot by Patrick Eaves.
10:39 of 3rd period - Shot Misses the Net.
10:49 of 3rd period - Jake McCabe is hit by Troy Brouwer and loses puck.
11:21 of 3rd period - Shot by Sam Bennett.
11:21 of 3rd period - Shot Blocked by Ryan McDonagh.
11:26 of 3rd period - Icing by Troy Brouwer.
11:27 of 3rd period - Sean Monahan wins face-off versus Ryan Dzingel in ST.LOUIS zone.
11:54 of 3rd period - Shot by Sean Monahan.
11:54 of 3rd period - Deflect By Brandon Saad.
11:54 of 3rd period - Shot Misses the Net.
12:19 of 3rd period - Icing by Esa Lindell.
12:20 of 3rd period - Travis Zajac wins face-off versus Sean Monahan in NEW YORK I zone.
12:23 of 3rd period - Shot by Radim Vrbata.
12:23 of 3rd period - Stopped by Jacob Markstrom without a rebound.
12:24 of 3rd period - Logan Couture wins face-off versus Travis Zajac in NEW YORK I zone.
12:24 of 3rd period - Logan Couture is hit by Travis Zajac.
13:24 of 3rd period - Jason Garrison is hit by Jaden Schwartz.
13:46 of 3rd period - Mark Letestu is hit by Darnell Nurse and loses puck.
13:47 of 3rd period - Minor Penalty to Darnell Nurse for Elbowing.
13:48 of 3rd period - Sam Gagner wins face-off versus Sean Monahan in ST.LOUIS zone.
13:55 of 3rd period - Shot by Calle Jarnkrok.
13:55 of 3rd period - Shot Misses the Net.
13:58 of 3rd period - Icing by Esa Lindell.
13:59 of 3rd period - Sean Monahan wins face-off versus Sam Gagner in NEW YORK I zone.
14:04 of 3rd period - Shot by Sean Monahan.
14:04 of 3rd period - Stopped by Ben Bishop with a rebound.
14:06 of 3rd period - Shot by Brandon Saad.
14:06 of 3rd period - Shot Blocked by Jaden Schwartz.
14:08 of 3rd period - Shot by Sean Monahan.
14:08 of 3rd period - Stopped by Ben Bishop with a rebound.
14:10 of 3rd period - Shot by Esa Lindell.
14:10 of 3rd period - Deflect By Ryan Strome.
14:10 of 3rd period - Stopped by Ben Bishop without a rebound.
14:11 of 3rd period - Sam Gagner wins face-off versus Logan Couture in ST.LOUIS zone.
14:32 of 3rd period - Shot by Max Domi.
14:32 of 3rd period - Stopped by Ben Bishop without a rebound.
14:33 of 3rd period - Sean Monahan wins face-off versus Sam Gagner in ST.LOUIS zone.
15:41 of 3rd period - Icing by Radko Gudas.
15:42 of 3rd period - Jason Spezza wins face-off versus Logan Couture in NEW YORK I zone.
15:49 of 3rd period - Austin Watson is hit by Vladislav Namestnikov and loses puck.
15:57 of 3rd period - Icing by Jonathan Ericsson.
15:58 of 3rd period - Logan Couture wins face-off versus Ryan Dzingel in ST.LOUIS zone.
15:58 of 3rd period - Max Domi is hit by Darnell Nurse and loses puck.
16:40 of 3rd period - Off-side.
16:41 of 3rd period - Dale Weise wins face-off versus Mark Letestu in neutral zone.
16:46 of 3rd period - Mark Letestu is hit by Zack Kassian.
17:18 of 3rd period - Shot by Dale Weise.
17:18 of 3rd period - Shot Misses the Net.
18:51 of 3rd period - Icing by Jonathan Ericsson.
18:52 of 3rd period - Travis Zajac wins face-off versus Logan Couture in ST.LOUIS zone.
19:13 of 3rd period - Shot by Logan Couture.
19:13 of 3rd period - Shot Blocked by Jonathan Ericsson.
Goals for this period are 0 for ST.LOUIS vs 1 for NEW YORK I.
Shots for this period are 2 for ST.LOUIS vs 7 for NEW YORK I.